Montreal Canadiens vs Winnipeg Jets

Created - Thursday, October 23, 2025 at 07:33

Goals
1 2 3 T
Montreal Canadiens 3 2 2 7
Winnipeg Jets 1 0 2 3
Shots
1 2 3 T
Montreal Canadiens 17 11 10 38
Winnipeg Jets 19 8 11 38

1st period

1. Montreal Canadiens , Dylan Larkin 27 (Martin Necas 46) at 4:23
2. Winnipeg Jets , Connor Bedard 24 (Mikael Backlund 40, Jason Zucker 35) at 11:44
3. Montreal Canadiens , Juraj Slafkovsky 15 (Macklin Celebrini 40, Lane Hutson 28) at 15:21
4. Montreal Canadiens , Dylan Larkin 28 (Martin Necas 47) at 16:35 (PP)

Penalties :
Mikael Backlund (WPG) for Fighting (Major) at 15:39, Macklin Celebrini (MTL) for Fighting (Major) at 15:39, Connor Bedard (WPG) for Roughing (Minor) at 16:32

2nd period

5. Montreal Canadiens , Patrik Laine 17 (Lane Hutson 29, Brady Skjei 25) at 7:19
6. Montreal Canadiens , Macklin Celebrini 39 (Martin Necas 48) at 17:40 (PP)

Penalties :
Derek Forbort (WPG) for Fighting (Major) at 0:38, Jeff Petry (MTL) for Fighting (Major) at 0:38, Connor Bedard (WPG) for Holding (Minor) at 8:45, Damon Severson (MTL) for Holding (Minor) at 12:04, Sean Durzi (WPG) for Tripping (Minor) at 16:29

3rd period

7. Winnipeg Jets , Adam Lowry 17 (Ridly Greig 23) at 13:04
8. Montreal Canadiens , Damon Severson 7 (Martin Necas 49, Macklin Celebrini 41) at 14:08 (PP)
9. Montreal Canadiens , Patrik Laine 18 (Ryan Poehling 11, Macklin Celebrini 42) at 17:41
10. Winnipeg Jets , Alexander Kerfoot 20 (Ridly Greig 24) at 17:55

Penalties :
Adam Lowry (WPG) for Fighting (Major) at 1:43, Brady Skjei (MTL) for Fighting (Major) at 1:43, Ridly Greig (WPG) for Holding Stick (Minor) at 1:56, Teddy Blueger (MTL) for Checking from behind (Minor) at 9:10, Michael Kesselring (WPG) for Holding (Minor) at 13:29

Goalie Stats

Stuart Skinner (MTL), 35 saves from 38 shots - (0.921), W, 26-16-4, 60:00 minutes
Jonas Johansson (WPG), 14 saves from 17 shots - (0.824), 17:14 minutes
Dustin Wolf (WPG), 17 saves from 21 shots - (0.810), L, 13-19-4, 42:46 minutes

Players Stats for Montreal Canadiens

Player Name              G  A  P  +/- PIM S  H  SB GA TA FO     MP     PP MP  PK MP  
------------------------------------------------------------------------------------
Adam Fox                 0  0  0   1  0   0  2  0  0  0  0/0    19:24   3:04   0:00 
Arttu Hyry               0  0  0   0  0   3  0  0  0  0  0/0     7:59   0:00   0:00 
Brad Marchand            0  0  0  -1  0   3  0  1  1  0  2/4    17:41   2:57   0:42 
Brady Skjei              0  1  1   1  5   0  0  1  0  0  0/0    21:34   2:06   2:04 
Damon Severson           1  0  1  -1  2   1  3  0  0  1  0/0    21:31   3:24   0:00 
Drew O'Connor            0  0  0   2  0   1  1  1  0  1  0/1    15:07   0:00   1:39 
Dylan Larkin             2  0  2   0  0   5  1  1  1  0  14/23  18:49   2:57   0:00 
Evgeni Dadonov           0  0  0   0  0   3  1  0  0  1  0/0     9:04   0:06   0:40 
Ilya Lyubushkin          0  0  0   1  0   1  2  1  0  0  0/0    18:44   0:01   2:04 
Jake Evans               0  0  0   0  0   2  0  0  0  1  0/0    16:23   0:00   1:39 
Jeff Petry               0  0  0  -1  5   0  0  1  0  1  0/0    17:18   0:01   1:54 
Juraj Slafkovsky         1  0  1  -1  0   3  1  2  0  1  0/1    17:00   2:54   0:00 
Lane Hutson              0  2  2   1  0   3  0  3  0  1  0/0    21:05   3:06   1:54 
Macklin Celebrini        1  3  4  -1  5   2  3  0  0  0  13/19  16:58   2:54   0:00 
Martin Necas             0  4  4   0  0   4  0  0  1  0  0/4    18:41   2:57   0:53 
Patrik Laine             2  0  2   2  0   6  0  0  0  0  0/1    14:26   2:48   0:00 
Ryan Poehling            0  1  1   2  0   1  2  2  0  2  6/12   15:02   0:00   1:24 
Teddy Blueger            0  0  0   0  2   0  0  0  0  0  4/5     9:11   0:00   0:59 

Players Stats for Winnipeg Jets

Player Name              G  A  P  +/- PIM S  H  SB GA TA FO     MP     PP MP  PK MP  
------------------------------------------------------------------------------------
Adam Lowry               1  0  1   1  5   4  5  1  0  0  11/20  17:36   1:53   1:32 
Alexander Kerfoot        1  0  1   1  0   5  1  0  3  0  0/0    17:44   1:53   0:34 
Alexis Lafreniere        0  0  0  -1  0   0  0  0  0  0  0/0     9:06   0:00   0:57 
Connor Bedard            1  0  1  -1  4   4  2  0  2  0  0/0    18:10   1:23   1:38 
Derek Forbort            0  0  0  -1  5   0  3  3  0  0  0/0    20:16   2:13   3:20 
Haydn Fleury             0  0  0  -1  0   2  1  0  0  0  0/0    18:44   2:13   0:04 
Jason Zucker             0  1  1  -1  0   7  1  0  1  0  2/4    19:31   1:31   2:49 
Joel Armia               0  0  0  -1  0   2  1  0  0  1  0/4    10:09   0:42   0:00 
Matvei Michkov           0  0  0   0  0   5  0  0  0  0  0/0    14:22   0:34   1:30 
Michael Kesselring       0  0  0   1  2   0  1  1  1  0  0/0    19:33   0:00   2:27 
Mikael Backlund          0  1  1  -1  5   0  2  0  1  1  14/27  17:42   1:31   2:42 
Nate Schmidt             0  0  0  -1  0   1  2  2  0  0  0/0    21:41   1:45   2:41 
Nino Niederreiter        0  0  0  -1  0   0  0  0  0  0  1/4     7:30   0:00   0:00 
Oliver Ekman-Larsson     0  0  0   1  0   1  5  1  0  1  0/0    23:04   1:45   3:06 
Ridly Greig              0  2  2   1  2   4  3  1  0  0  0/0    17:04   1:53   0:00 
Sean Durzi               0  0  0  -1  2   0  0  1  0  0  0/0    16:00   0:00   0:04 
Taylor Hall              0  0  0   0  0   3  1  0  1  0  0/1    13:31   0:34   0:00 
Vladislav Namestnikov    0  0  0   0  0   0  1  0  0  0  3/10   12:18   0:00   0:00 

3 Stars

1 - Patrik Laine (MTL)
2 - Dylan Larkin (MTL)
3 - Martin Necas (MTL)

Power Play

Montreal Canadiens - 3 on 5 Attempt(s) - 60.00%
Winnipeg Jets - 0 on 2 Attempt(s) - 0.00%

Penalty Kill

Montreal Canadiens - 2 on 2 Attempt(s) - 100.00% - Score 0 goal in Penalty Kill
Winnipeg Jets - 2 on 5 Attempt(s) - 40.00% - Score 0 goal in Penalty Kill

Team Stat

Montreal Canadiens - Hits : 16 - Faceoff Wins : 39 - Blocked Shots : 13 - Penalty Minutes : 19
Winnipeg Jets - Hits : 29 - Faceoff Wins : 31 - Blocked Shots : 10 - Penalty Minutes : 25

Official

Referees : Beaudry Halkidis and Mitch Dunning
Linesman : Devin Berg and Derek Nansen

Game Notes

Mikael Backlund and Macklin Celebrini fight to a draw at 15:39 of 1st period
Jonas Johansson is injured at 17:14 of 1st period (Bruised Right Leg)
Dustin Wolf enters game at 17:14 of 1st period
Derek Forbort and Jeff Petry fight to a draw at 0:38 of 2nd period
Adam Lowry beats up Brady Skjei at 1:43 of 3rd period

Finance

Level 1 -- Attendance: 5620 (93.67%) -- Ticket Income $517,040
Level 2 -- Attendance: 4403 (88.06%) -- Ticket Income $242,165
Level 3 -- Attendance: 3000 (100.00%) -- Ticket Income $90,000
Level 4 -- Attendance: 4223 (84.46%) -- Ticket Income $92,906
Luxury Box -- Attendance: 1000 (100.00%) -- Ticket Income $190,000
Game was played at the MTS Centre.
Total Attendance: 18246 (91.23%)
Total Ticket Income: $1,132,111
Other Income: $396,239
Total Income: $1,528,350

Montreal Canadiens

5 vs 5 Forward 
   Center                   Left Wing                Right Wing               Time % Phy DF OF 
 1 Dylan Larkin             Martin Necas             Jake Evans               30     0   0  5  
 2 Macklin Celebrini        Juraj Slafkovsky         Brad Marchand            30     0   0  5  
 3 Ryan Poehling            Drew O'Connor            Patrik Laine             25     1   4  0  
 4 Teddy Blueger            Evgeni Dadonov           Arttu Hyry               15     1   4  0  

5 vs 5 Defense 
   Defense                  Defense                                           Time % Phy DF OF 
 1 Brady Skjei              Lane Hutson                                       35     1   4  0  
 2 Jeff Petry               Damon Severson                                    35     1   4  0  
 3 Ilya Lyubushkin          Adam Fox                                          30     1   4  0  
 4 Brady Skjei              Lane Hutson                                       0      0   5  0  

PowerPlay Forward 
   Center                   Left Wing                Right Wing               Time % Phy DF OF 
 1 Macklin Celebrini        Brad Marchand            Martin Necas             50     0   0  5  
 2 Dylan Larkin             Juraj Slafkovsky         Patrik Laine             50     0   0  5  

PowerPlay Defense
   Defense                  Defense                                           Time % Phy DF OF 
 1 Lane Hutson              Adam Fox                                          50     0   0  5  
 2 Brady Skjei              Damon Severson                                    50     0   0  5  

Penalty Kill 4 Players Forward 
   Center                   Wing                     Time % Phy DF OF 
 1 Ryan Poehling            Jake Evans               50     0   5  0  
 2 Teddy Blueger            Drew O'Connor            50     0   5  0  

Penalty Kill 4 Players Defense
   Defense                  Defense                  Time % Phy DF OF 
 1 Brady Skjei              Ilya Lyubushkin          50     0   5  0  
 2 Lane Hutson              Jeff Petry               50     0   5  0  

Penalty Kill - 3 Players Forward 
   Forward                                           Time % Phy DF OF 
 1 Jake Evans                                        50     0   5  0  
 2 Ryan Poehling                                     50     0   5  0  

Penalty Kill - 3 Players Defense
   Defense                  Defense                  Time % Phy DF OF 
 1 Brady Skjei              Ilya Lyubushkin          50     0   5  0  
 2 Lane Hutson              Jeff Petry               50     0   5  0  

4 vs 4 Forward 
   Center                   Wing                     Time % Phy DF OF 
 1 Dylan Larkin             Martin Necas             50     0   3  2  
 2 Macklin Celebrini        Brad Marchand            50     0   3  2  

4 vs 4 Defense
   Defense                  Defense                  Time % Phy DF OF 
 1 Lane Hutson              Adam Fox                 50     0   3  2  
 2 Brady Skjei              Damon Severson           50     0   3  2  

Last Minutes Offensive
   Center                   Left Wing                Right Wing               Defense                  Defense                  
   Dylan Larkin             Brad Marchand            Martin Necas             Lane Hutson              Adam Fox                 

Last Minutes Defensive
   Center                   Left Wing                Right Wing               Defense                  Defense                  
   Jake Evans               Ryan Poehling            Drew O'Connor            Brady Skjei              Jeff Petry               

Goaltenders
Starting : Stuart Skinner           
Backup : Pyotr Kochetkov          

Extra Forwards
Normal : Macklin Celebrini, Dylan Larkin, Martin Necas - PP : Dylan Larkin, Macklin Celebrini - PK : Martin Necas
Extra Defensemen
Normal : Lane Hutson, Brady Skjei, Adam Fox - PP : Lane Hutson - PK : Brady Skjei, Lane Hutson
Penalty Shots
Patrik Laine, Teddy Blueger, Ryan Poehling, Dylan Larkin, Arttu Hyry

Scratches
Ian Mitchell (Healthy), David Rittich (Healthy)

Winnipeg Jets

5 vs 5 Forward 
   Center                   Left Wing                Right Wing               Time % Phy DF OF 
 1 Mikael Backlund          Jason Zucker             Connor Bedard            30     1   2  2  
 2 Adam Lowry               Ridly Greig              Alexander Kerfoot        30     1   2  2  
 3 Vladislav Namestnikov    Taylor Hall              Matvei Michkov           25     1   2  2  
 4 Nino Niederreiter        Alexis Lafreniere        Joel Armia               15     1   2  2  

5 vs 5 Defense 
   Defense                  Defense                                           Time % Phy DF OF 
 1 Oliver Ekman-Larsson     Michael Kesselring                                35     1   2  2  
 2 Nate Schmidt             Derek Forbort                                     35     1   2  2  
 3 Sean Durzi               Haydn Fleury                                      30     1   2  2  
 4 Oliver Ekman-Larsson     Nate Schmidt                                      0      1   2  2  

PowerPlay Forward 
   Center                   Left Wing                Right Wing               Time % Phy DF OF 
 1 Mikael Backlund          Jason Zucker             Connor Bedard            50     1   2  2  
 2 Adam Lowry               Ridly Greig              Alexander Kerfoot        50     1   2  2  

PowerPlay Defense
   Defense                  Defense                                           Time % Phy DF OF 
 1 Oliver Ekman-Larsson     Nate Schmidt                                      50     1   2  2  
 2 Haydn Fleury             Derek Forbort                                     50     1   2  2  

Penalty Kill 4 Players Forward 
   Center                   Wing                     Time % Phy DF OF 
 1 Mikael Backlund          Jason Zucker             50     1   2  2  
 2 Adam Lowry               Connor Bedard            50     1   2  2  

Penalty Kill 4 Players Defense
   Defense                  Defense                  Time % Phy DF OF 
 1 Oliver Ekman-Larsson     Michael Kesselring       50     1   2  2  
 2 Nate Schmidt             Derek Forbort            50     1   2  2  

Penalty Kill - 3 Players Forward 
   Forward                                           Time % Phy DF OF 
 1 Mikael Backlund                                   50     1   2  2  
 2 Jason Zucker                                      50     1   2  2  

Penalty Kill - 3 Players Defense
   Defense                  Defense                  Time % Phy DF OF 
 1 Oliver Ekman-Larsson     Haydn Fleury             50     1   2  2  
 2 Nate Schmidt             Derek Forbort            50     1   2  2  

4 vs 4 Forward 
   Center                   Wing                     Time % Phy DF OF 
 1 Mikael Backlund          Jason Zucker             50     1   2  2  
 2 Adam Lowry               Connor Bedard            50     1   2  2  

4 vs 4 Defense
   Defense                  Defense                  Time % Phy DF OF 
 1 Oliver Ekman-Larsson     Nate Schmidt             50     1   2  2  
 2 Sean Durzi               Derek Forbort            50     1   2  2  

Last Minutes Offensive
   Center                   Left Wing                Right Wing               Defense                  Defense                  
   Mikael Backlund          Jason Zucker             Connor Bedard            Oliver Ekman-Larsson     Michael Kesselring       

Last Minutes Defensive
   Center                   Left Wing                Right Wing               Defense                  Defense                  
   Mikael Backlund          Jason Zucker             Connor Bedard            Oliver Ekman-Larsson     Michael Kesselring       

Goaltenders
Starting : Jonas Johansson          
Backup : Dustin Wolf              

Extra Forwards
Normal : Joel Armia, Taylor Hall, Matvei Michkov - PP : Joel Armia, Taylor Hall - PK : Matvei Michkov
Extra Defensemen
Normal : Derek Forbort, Oliver Ekman-Larsson, Nate Schmidt - PP : Oliver Ekman-Larsson - PK : Derek Forbort, Oliver Ekman-Larsson
Penalty Shots
Mikael Backlund, Jason Zucker, Adam Lowry, Connor Bedard, Ridly Greig

Scratches
Sam Steel (Healthy), Barclay Goodrow (Healthy), Dylan Samberg (Healthy), Eric Comrie (Healthy)

% Time on Ice - Montreal Canadiens

Lines # - Real PCT - Wanted PCT - Time Play
Normal Forward
1 - 29% - 30% - 14:46
2 - 28% - 30% - 14:03
3 - 27% - 25% - 13:25
4 - 16% - 15% - 7:57
Normal Defense
1 - 36% - 35% - 18:01
2 - 35% - 35% - 17:29
3 - 29% - 30% - 14:41
4 - 0% - 0% - 0:00
PP Forward
1 - 50% - 50% - 2:57
2 - 50% - 50% - 2:54
PP Defense
1 - 42% - 50% - 2:26
2 - 58% - 50% - 3:25
PK Forward
1 - 42% - 50% - 1:39
2 - 58% - 50% - 2:19
PK Defense
1 - 52% - 50% - 2:04
2 - 48% - 50% - 1:54
PK3 Forward
1 - 0% - 50%
2 - 0% - 50%
PK3 Defense
1 - 0% - 50%
2 - 0% - 50%
44 Forward
1 - 0% - 50%
2 - 0% - 50%
44 Defense
1 - 0% - 50%
2 - 0% - 50%
Last Minute Offensive  - 0:00
Last Minute Defensive  - 0:00
Total
Forward - 60:00
Defense - 60:00

% Time on Ice - Winnipeg Jets

Lines # - Real PCT - Wanted PCT - Time Play
Normal Forward
1 - 30% - 30% - 15:06
2 - 30% - 30% - 15:17
3 - 25% - 25% - 12:18
4 - 15% - 15% - 7:30
Normal Defense
1 - 36% - 35% - 17:49
2 - 36% - 35% - 17:58
3 - 29% - 30% - 14:24
4 - 0% - 0% - 0:00
PP Forward
1 - 38% - 50% - 1:31
2 - 62% - 50% - 2:27
PP Defense
1 - 44% - 50% - 1:45
2 - 56% - 50% - 2:13
PK Forward
1 - 47% - 50% - 2:45
2 - 53% - 50% - 3:06
PK Defense
1 - 54% - 50% - 3:10
2 - 46% - 50% - 2:41
PK3 Forward
1 - 0% - 50%
2 - 0% - 50%
PK3 Defense
1 - 0% - 50%
2 - 0% - 50%
44 Forward
1 - 0% - 50%
2 - 0% - 50%
44 Defense
1 - 0% - 50%
2 - 0% - 50%
Last Minute Offensive  - 0:00
Last Minute Defensive  - 0:00
Total
Forward - 60:00
Defense - 60:00

Play-by-Play

1st period


0:01 of 1st period - Mikael Backlund wins face-off versus Dylan Larkin in neutral zone.
0:14 of 1st period - Snap shot by Jason Zucker.
0:14 of 1st period - Stopped by Stuart Skinner without a rebound.
0:15 of 1st period - Macklin Celebrini wins face-off versus Adam Lowry in Montreal Canadiens zone.
1:07 of 1st period - Snap shot by Joel Armia.
1:07 of 1st period - Stopped by Stuart Skinner with a rebound.
2:03 of 1st period - Off-side.
2:04 of 1st period - Vladislav Namestnikov wins face-off versus Ryan Poehling in neutral zone.
2:09 of 1st period - Wrist shot by Taylor Hall.
2:09 of 1st period - Shot Misses the Net.
2:23 of 1st period - Wrist shot by Drew O'Connor.
2:23 of 1st period - Shot Blocked by Derek Forbort.
2:43 of 1st period - Wrist shot by Matvei Michkov.
2:43 of 1st period - Shot Blocked by Lane Hutson.
2:47 of 1st period - Slapshot by Matvei Michkov.
2:47 of 1st period - Stopped by Stuart Skinner with a rebound.
2:49 of 1st period - Slapshot by Matvei Michkov.
2:49 of 1st period - Shot Misses the Net.
2:51 of 1st period - Snap shot by Vladislav Namestnikov.
2:51 of 1st period - Shot Misses the Net.
2:53 of 1st period - Snap shot by Matvei Michkov.
2:53 of 1st period - Shot Blocked by Ryan Poehling.
3:11 of 1st period - Snap shot by Taylor Hall.
3:11 of 1st period - Deflect By Brady Skjei.
3:11 of 1st period - Stopped by Stuart Skinner without a rebound.
3:12 of 1st period - Dylan Larkin wins face-off versus Mikael Backlund in Montreal Canadiens zone.
3:25 of 1st period - Snap shot by Martin Necas.
3:25 of 1st period - Shot Misses the Net.
3:27 of 1st period - Slapshot by Ilya Lyubushkin.
3:27 of 1st period - Stopped by Jonas Johansson with a rebound.
3:29 of 1st period - Snap shot by Jake Evans.
3:29 of 1st period - Shot Misses the Net.
3:47 of 1st period - Snap shot by Brad Marchand.
3:47 of 1st period - Shot Misses the Net.
3:49 of 1st period - Backhand shot by Jeff Petry.
3:49 of 1st period - Deflect By Macklin Celebrini.
3:49 of 1st period - Stopped by Jonas Johansson with a rebound.
4:05 of 1st period - Wrist shot by Joel Armia.
4:05 of 1st period - Stopped by Stuart Skinner without a rebound.
4:06 of 1st period - Dylan Larkin wins face-off versus Mikael Backlund in Montreal Canadiens zone.
4:15 of 1st period - Wrist shot by Dylan Larkin.
4:15 of 1st period - Stopped by Jonas Johansson without a rebound.
4:16 of 1st period - Dylan Larkin wins face-off versus Mikael Backlund in Winnipeg Jets zone.
4:23 of 1st period - Snap shot by Dylan Larkin.
4:23 of 1st period - Goal by Dylan Larkin - Montreal Canadiens : 1 - Winnipeg Jets : 0.
4:24 of 1st period - Macklin Celebrini wins face-off versus Adam Lowry in neutral zone.
5:21 of 1st period - Snap shot by Matvei Michkov.
5:21 of 1st period - Stopped by Stuart Skinner without a rebound.
5:22 of 1st period - Teddy Blueger wins face-off versus Mikael Backlund in Montreal Canadiens zone.
5:22 of 1st period - Teddy Blueger is hit by Connor Bedard.
5:38 of 1st period - Wrist shot by Arttu Hyry.
5:38 of 1st period - Stopped by Jonas Johansson with a rebound.
6:12 of 1st period - Drew O'Connor is hit by Ridly Greig and loses puck.
6:21 of 1st period - Ridly Greig is hit by Adam Fox and loses puck.
6:42 of 1st period - Wrist shot by Adam Lowry.
6:42 of 1st period - Stopped by Stuart Skinner without a rebound.
6:43 of 1st period - Mikael Backlund wins face-off versus Macklin Celebrini in Montreal Canadiens zone.
7:17 of 1st period - Snap shot by Arttu Hyry.
7:17 of 1st period - Shot Misses the Net.
7:19 of 1st period - Wrist shot by Arttu Hyry.
7:19 of 1st period - Stopped by Jonas Johansson with a rebound.
7:57 of 1st period - Brady Skjei is hit by Ridly Greig and loses puck.
8:44 of 1st period - Snap shot by Dylan Larkin.
8:44 of 1st period - Stopped by Jonas Johansson without a rebound.
8:45 of 1st period - Mikael Backlund wins face-off versus Martin Necas in Winnipeg Jets zone.
8:58 of 1st period - Snap shot by Dylan Larkin.
8:58 of 1st period - Shot Misses the Net.
9:00 of 1st period - Snap shot by Jeff Petry.
9:00 of 1st period - Deflect By Dylan Larkin.
9:00 of 1st period - Shot Blocked by Derek Forbort.
9:00 of 1st period - Puck is out of play.
9:01 of 1st period - Macklin Celebrini wins face-off versus Vladislav Namestnikov in Winnipeg Jets zone.
9:39 of 1st period - Jason Zucker is hit by Ryan Poehling and loses puck.
9:58 of 1st period - Icing by Brady Skjei.
9:59 of 1st period - Adam Lowry wins face-off versus Dylan Larkin in Montreal Canadiens zone.
11:06 of 1st period - Snap shot by Martin Necas.
11:06 of 1st period - Shot Misses the Net.
11:08 of 1st period - Wrist shot by Dylan Larkin.
11:08 of 1st period - Deflect By Jake Evans.
11:08 of 1st period - Stopped by Jonas Johansson with a rebound.
11:10 of 1st period - Snap shot by Jake Evans.
11:10 of 1st period - Stopped by Jonas Johansson with a rebound.
11:12 of 1st period - Slapshot by Lane Hutson.
11:12 of 1st period - Shot Blocked by Adam Lowry.
11:14 of 1st period - Wrist shot by Jake Evans.
11:14 of 1st period - Shot Misses the Net.
11:20 of 1st period - Slapshot by Martin Necas.
11:20 of 1st period - Stopped by Jonas Johansson without a rebound.
11:21 of 1st period - Macklin Celebrini wins face-off versus Mikael Backlund in Winnipeg Jets zone.
11:22 of 1st period - Slapshot by Juraj Slafkovsky.
11:22 of 1st period - Stopped by Jonas Johansson with a rebound.
11:28 of 1st period - Snap shot by Connor Bedard.
11:28 of 1st period - Shot Misses the Net.
11:30 of 1st period - Snap shot by Jason Zucker.
11:30 of 1st period - Stopped by Stuart Skinner without a rebound.
11:31 of 1st period - Mikael Backlund wins face-off versus Macklin Celebrini in Montreal Canadiens zone.
11:42 of 1st period - Wrist shot by Connor Bedard.
11:42 of 1st period - Shot Blocked by Juraj Slafkovsky.
11:44 of 1st period - Wrist shot by Connor Bedard.
11:44 of 1st period - Deflect By Brad Marchand.
11:44 of 1st period - Goal by Connor Bedard - Montreal Canadiens : 1 - Winnipeg Jets : 1.
11:45 of 1st period - Macklin Celebrini wins face-off versus Mikael Backlund in neutral zone.
11:58 of 1st period - Macklin Celebrini is hit by Oliver Ekman-Larsson and loses puck.
12:34 of 1st period - Icing by Michael Kesselring.
12:35 of 1st period - Dylan Larkin wins face-off versus Nino Niederreiter in Winnipeg Jets zone.
13:08 of 1st period - Wrist shot by Jason Zucker.
13:08 of 1st period - Shot Blocked by Ilya Lyubushkin.
13:10 of 1st period - Wrist shot by Mikael Backlund.
13:10 of 1st period - Deflect By Connor Bedard.
13:10 of 1st period - Shot Misses the Net.
13:10 of 1st period - Puck is out of play.
13:11 of 1st period - Ryan Poehling wins face-off versus Vladislav Namestnikov in Montreal Canadiens zone.
13:20 of 1st period - Off-side.
13:21 of 1st period - Ryan Poehling wins face-off versus Vladislav Namestnikov in neutral zone.
14:00 of 1st period - Sean Durzi is hit by Drew O'Connor and loses puck.
14:07 of 1st period - Wrist shot by Taylor Hall.
14:07 of 1st period - Stopped by Stuart Skinner with a rebound.
14:09 of 1st period - Slapshot by Haydn Fleury.
14:09 of 1st period - Stopped by Stuart Skinner with a rebound.
14:11 of 1st period - Wrist shot by Matvei Michkov.
14:11 of 1st period - Stopped by Stuart Skinner without a rebound.
14:12 of 1st period - Macklin Celebrini wins face-off versus Mikael Backlund in Montreal Canadiens zone.
14:12 of 1st period - Macklin Celebrini is hit by Mikael Backlund.
14:38 of 1st period - Joel Armia is hit by Evgeni Dadonov and loses puck.
15:03 of 1st period - Snap shot by Ridly Greig.
15:03 of 1st period - Stopped by Stuart Skinner with a rebound.
15:21 of 1st period - Snap shot by Juraj Slafkovsky.
15:21 of 1st period - Goal by Juraj Slafkovsky - Montreal Canadiens : 2 - Winnipeg Jets : 1.
15:22 of 1st period - Macklin Celebrini wins face-off versus Jason Zucker in neutral zone.
15:39 of 1st period - Mikael Backlund and Macklin Celebrini fight to a draw.
15:39 of 1st period - Penalty to Mikael Backlund for Fighting.
15:39 of 1st period - Penalty to Macklin Celebrini for Fighting.
15:40 of 1st period - Teddy Blueger wins face-off versus Joel Armia in Winnipeg Jets zone.
15:41 of 1st period - Slapshot by Evgeni Dadonov.
15:41 of 1st period - Stopped by Jonas Johansson without a rebound.
15:42 of 1st period - Teddy Blueger wins face-off versus Joel Armia in Winnipeg Jets zone.
15:43 of 1st period - Backhand shot by Evgeni Dadonov.
15:43 of 1st period - Stopped by Jonas Johansson with a rebound.
15:48 of 1st period - Off-side.
15:49 of 1st period - Jason Zucker wins face-off versus Teddy Blueger in neutral zone.
15:56 of 1st period - Snap shot by Jason Zucker.
15:56 of 1st period - Shot Misses the Net.
15:58 of 1st period - Slapshot by Connor Bedard.
15:58 of 1st period - Stopped by Stuart Skinner without a rebound.
15:59 of 1st period - Dylan Larkin wins face-off versus Adam Lowry in Montreal Canadiens zone.
16:12 of 1st period - Snap shot by Adam Lowry.
16:12 of 1st period - Stopped by Stuart Skinner without a rebound.
16:13 of 1st period - Teddy Blueger wins face-off versus Joel Armia in Montreal Canadiens zone.
16:23 of 1st period - Slapshot by Jason Zucker.
16:23 of 1st period - Shot Misses the Net.
16:32 of 1st period - Minor Penalty to Connor Bedard for Roughing.
16:33 of 1st period - Dylan Larkin wins face-off versus Jason Zucker in Winnipeg Jets zone.
16:33 of 1st period - Snap shot by Martin Necas.
16:33 of 1st period - Stopped by Jonas Johansson with a rebound.
16:35 of 1st period - Wrist shot by Dylan Larkin.
16:35 of 1st period - Goal by Dylan Larkin - Montreal Canadiens : 3 - Winnipeg Jets : 1.
16:36 of 1st period - Brad Marchand wins face-off versus Vladislav Namestnikov in neutral zone.
16:39 of 1st period - Vladislav Namestnikov is hit by Ilya Lyubushkin and loses puck.
16:53 of 1st period - Off-side.
16:54 of 1st period - Adam Lowry wins face-off versus Ryan Poehling in neutral zone.
17:03 of 1st period - Snap shot by Alexander Kerfoot.
17:03 of 1st period - Stopped by Stuart Skinner without a rebound.
17:04 of 1st period - Ryan Poehling wins face-off versus Adam Lowry in Montreal Canadiens zone.
17:04 of 1st period - Ryan Poehling is hit by Alexander Kerfoot.
17:14 of 1st period - Wrist shot by Patrik Laine.
17:14 of 1st period - Stopped by Jonas Johansson with a rebound.
17:14 of 1st period - Jonas Johansson from Winnipeg Jets is injured at 17:14 of 1st period (Bruised Right Leg).
17:14 of 1st period - Dustin Wolf enters game.
17:15 of 1st period - Dylan Larkin wins face-off versus Nino Niederreiter in Winnipeg Jets zone.
17:40 of 1st period - Jeff Petry is hit by Adam Lowry and loses puck.
18:24 of 1st period - Snap shot by Taylor Hall.
18:24 of 1st period - Deflect By Matvei Michkov.
18:24 of 1st period - Stopped by Stuart Skinner without a rebound.
18:25 of 1st period - Vladislav Namestnikov wins face-off versus Dylan Larkin in Montreal Canadiens zone.
18:28 of 1st period - Snap shot by Taylor Hall.
18:28 of 1st period - Stopped by Stuart Skinner with a rebound.
18:56 of 1st period - Snap shot by Connor Bedard.
18:56 of 1st period - Stopped by Stuart Skinner with a rebound.
Goals for this period are 3 for Montreal Canadiens vs 1 for Winnipeg Jets.
Shots for this period are 17 for Montreal Canadiens vs 19 for Winnipeg Jets.

2nd period


0:01 of 2nd period - Adam Lowry wins face-off versus Dylan Larkin in neutral zone.
0:06 of 2nd period - Wrist shot by Alexander Kerfoot.
0:06 of 2nd period - Stopped by Stuart Skinner with a rebound.
0:08 of 2nd period - Slapshot by Oliver Ekman-Larsson.
0:08 of 2nd period - Shot Misses the Net.
0:13 of 2nd period - Icing by Lane Hutson.
0:14 of 2nd period - Dylan Larkin wins face-off versus Vladislav Namestnikov in Montreal Canadiens zone.
0:27 of 2nd period - Icing by Derek Forbort.
0:28 of 2nd period - Vladislav Namestnikov wins face-off versus Brad Marchand in Winnipeg Jets zone.
0:38 of 2nd period - Derek Forbort and Jeff Petry fight to a draw.
0:38 of 2nd period - Penalty to Derek Forbort for Fighting.
0:38 of 2nd period - Penalty to Jeff Petry for Fighting.
0:39 of 2nd period - Penalty to Mikael Backlund is over, Mikael Backlund is back on ice.
0:39 of 2nd period - Penalty to Macklin Celebrini is over, Macklin Celebrini is back on ice.
0:39 of 2nd period - Dylan Larkin wins face-off versus Mikael Backlund in Winnipeg Jets zone.
1:08 of 2nd period - Drew O'Connor is hit by Michael Kesselring and loses puck.
2:26 of 2nd period - Damon Severson is hit by Connor Bedard and loses puck.
2:39 of 2nd period - Backhand shot by Alexander Kerfoot.
2:39 of 2nd period - Shot Misses the Net.
3:26 of 2nd period - Adam Lowry is hit by Damon Severson and loses puck.
3:33 of 2nd period - Macklin Celebrini is hit by Adam Lowry and loses puck.
4:06 of 2nd period - Snap shot by Adam Lowry.
4:06 of 2nd period - Stopped by Stuart Skinner with a rebound.
4:10 of 2nd period - Wrist shot by Alexander Kerfoot.
4:10 of 2nd period - Stopped by Stuart Skinner with a rebound.
4:12 of 2nd period - Snap shot by Adam Lowry.
4:12 of 2nd period - Shot Blocked by Juraj Slafkovsky.
4:46 of 2nd period - Wrist shot by Alexander Kerfoot.
4:46 of 2nd period - Deflect By Ridly Greig.
4:46 of 2nd period - Shot Misses the Net.
4:46 of 2nd period - Puck is out of play.
4:47 of 2nd period - Mikael Backlund wins face-off versus Dylan Larkin in Montreal Canadiens zone.
4:54 of 2nd period - Adam Fox is hit by Nate Schmidt and loses puck.
6:36 of 2nd period - Snap shot by Matvei Michkov.
6:36 of 2nd period - Stopped by Stuart Skinner without a rebound.
6:37 of 2nd period - Mikael Backlund wins face-off versus Ryan Poehling in Montreal Canadiens zone.
6:48 of 2nd period - Backhand shot by Patrik Laine.
6:48 of 2nd period - Shot Misses the Net.
6:50 of 2nd period - Snap shot by Ryan Poehling.
6:50 of 2nd period - Shot Misses the Net.
6:52 of 2nd period - Snap shot by Lane Hutson.
6:52 of 2nd period - Stopped by Dustin Wolf with a rebound.
7:04 of 2nd period - Damon Severson is hit by Oliver Ekman-Larsson.
7:09 of 2nd period - Off-side.
7:10 of 2nd period - Nino Niederreiter wins face-off versus Patrik Laine in neutral zone.
7:19 of 2nd period - Wrist shot by Patrik Laine.
7:19 of 2nd period - Goal by Patrik Laine - Montreal Canadiens : 4 - Winnipeg Jets : 1.
7:20 of 2nd period - Ryan Poehling wins face-off versus Mikael Backlund in neutral zone.
7:27 of 2nd period - Snap shot by Patrik Laine.
7:27 of 2nd period - Stopped by Dustin Wolf with a rebound.
7:35 of 2nd period - Snap shot by Connor Bedard.
7:35 of 2nd period - Shot Blocked by Ryan Poehling.
7:37 of 2nd period - Slapshot by Oliver Ekman-Larsson.
7:37 of 2nd period - Stopped by Stuart Skinner with a rebound.
8:11 of 2nd period - Vladislav Namestnikov is hit by Damon Severson and loses puck.
8:45 of 2nd period - Minor Penalty to Connor Bedard for Holding.
8:46 of 2nd period - Macklin Celebrini wins face-off versus Adam Lowry in Winnipeg Jets zone.
9:07 of 2nd period - Snap shot by Jason Zucker.
9:07 of 2nd period - Stopped by Stuart Skinner with a rebound.
9:13 of 2nd period - Mikael Backlund is hit by Damon Severson and loses puck.
10:45 of 2nd period - Penalty to Connor Bedard is over, Connor Bedard is back on ice.
10:59 of 2nd period - Snap shot by Evgeni Dadonov.
10:59 of 2nd period - Stopped by Dustin Wolf with a rebound.
11:01 of 2nd period - Snap shot by Arttu Hyry.
11:01 of 2nd period - Stopped by Dustin Wolf with a rebound.
11:21 of 2nd period - Jeff Petry is hit by Adam Lowry and loses puck.
11:34 of 2nd period - Drew O'Connor is hit by Derek Forbort and loses puck.
11:46 of 2nd period - Icing by Patrik Laine.
11:47 of 2nd period - Dylan Larkin wins face-off versus Vladislav Namestnikov in Montreal Canadiens zone.
12:04 of 2nd period - Minor Penalty to Damon Severson for Holding.
12:05 of 2nd period - Jason Zucker wins face-off versus Ryan Poehling in Montreal Canadiens zone.
12:08 of 2nd period - Slapshot by Jason Zucker.
12:08 of 2nd period - Shot Misses the Net.
12:10 of 2nd period - Wrist shot by Jason Zucker.
12:10 of 2nd period - Deflect By Jake Evans.
12:10 of 2nd period - Stopped by Stuart Skinner without a rebound.
12:11 of 2nd period - Ryan Poehling wins face-off versus Mikael Backlund in Montreal Canadiens zone.
12:28 of 2nd period - Snap shot by Jason Zucker.
12:28 of 2nd period - Stopped by Stuart Skinner with a rebound.
12:44 of 2nd period - Lane Hutson is hit by Adam Lowry and loses puck.
13:43 of 2nd period - Nate Schmidt is hit by Ryan Poehling and loses puck.
14:04 of 2nd period - Penalty to Damon Severson is over, Damon Severson is back on ice.
14:31 of 2nd period - Nino Niederreiter is hit by Dylan Larkin and loses puck.
14:36 of 2nd period - Snap shot by Martin Necas.
14:36 of 2nd period - Stopped by Dustin Wolf without a rebound.
14:37 of 2nd period - Dylan Larkin wins face-off versus Nino Niederreiter in Winnipeg Jets zone.
14:56 of 2nd period - Macklin Celebrini is hit by Taylor Hall and loses puck.
15:27 of 2nd period - Lane Hutson is hit by Mikael Backlund and loses puck.
15:42 of 2nd period - Snap shot by Patrik Laine.
15:42 of 2nd period - Stopped by Dustin Wolf without a rebound.
15:43 of 2nd period - Ryan Poehling wins face-off versus Adam Lowry in Winnipeg Jets zone.
15:49 of 2nd period - Backhand shot by Patrik Laine.
15:49 of 2nd period - Shot Misses the Net.
15:51 of 2nd period - Wrist shot by Ryan Poehling.
15:51 of 2nd period - Stopped by Dustin Wolf with a rebound.
15:53 of 2nd period - Slapshot by Lane Hutson.
15:53 of 2nd period - Stopped by Dustin Wolf with a rebound.
15:59 of 2nd period - Wrist shot by Patrik Laine.
15:59 of 2nd period - Shot Blocked by Sean Durzi.
16:29 of 2nd period - Minor Penalty to Sean Durzi for Tripping.
16:30 of 2nd period - Dylan Larkin wins face-off versus Mikael Backlund in Winnipeg Jets zone.
16:55 of 2nd period - Dylan Larkin is hit by Derek Forbort and loses puck.
17:24 of 2nd period - Snap shot by Patrik Laine.
17:24 of 2nd period - Stopped by Dustin Wolf without a rebound.
17:25 of 2nd period - Mikael Backlund wins face-off versus Macklin Celebrini in Winnipeg Jets zone.
17:40 of 2nd period - Snap shot by Macklin Celebrini.
17:40 of 2nd period - Goal by Macklin Celebrini - Montreal Canadiens : 5 - Winnipeg Jets : 1.
17:41 of 2nd period - Mikael Backlund wins face-off versus Martin Necas in neutral zone.
19:43 of 2nd period - Wrist shot by Alexander Kerfoot.
19:43 of 2nd period - Deflect By Ridly Greig.
19:43 of 2nd period - Shot Blocked by Brad Marchand.
19:43 of 2nd period - Puck is out of play.
19:44 of 2nd period - Macklin Celebrini wins face-off versus Adam Lowry in Montreal Canadiens zone.
19:44 of 2nd period - Macklin Celebrini is hit by Ridly Greig.
Goals for this period are 2 for Montreal Canadiens vs 0 for Winnipeg Jets.
Shots for this period are 11 for Montreal Canadiens vs 8 for Winnipeg Jets.

3rd period


0:01 of 3rd period - Macklin Celebrini wins face-off versus Mikael Backlund in neutral zone.
0:14 of 3rd period - Slapshot by Jason Zucker.
0:14 of 3rd period - Deflect By Macklin Celebrini.
0:14 of 3rd period - Stopped by Stuart Skinner with a rebound.
0:16 of 3rd period - Wrist shot by Jason Zucker.
0:16 of 3rd period - Shot Blocked by Lane Hutson.
0:36 of 3rd period - Off-side.
0:37 of 3rd period - Mikael Backlund wins face-off versus Ryan Poehling in neutral zone.
0:42 of 3rd period - Wrist shot by Connor Bedard.
0:42 of 3rd period - Stopped by Stuart Skinner without a rebound.
0:43 of 3rd period - Mikael Backlund wins face-off versus Drew O'Connor in Montreal Canadiens zone.
1:14 of 3rd period - Wrist shot by Patrik Laine.
1:14 of 3rd period - Shot Blocked by Nate Schmidt.
1:24 of 3rd period - Wrist shot by Jason Zucker.
1:24 of 3rd period - Shot Blocked by Drew O'Connor.
1:34 of 3rd period - Snap shot by Patrik Laine.
1:34 of 3rd period - Shot Blocked by Nate Schmidt.
1:36 of 3rd period - Wrist shot by Ryan Poehling.
1:36 of 3rd period - Shot Misses the Net.
1:38 of 3rd period - Snap shot by Patrik Laine.
1:38 of 3rd period - Deflect By Drew O'Connor.
1:38 of 3rd period - Stopped by Dustin Wolf with a rebound.
1:40 of 3rd period - Wrist shot by Damon Severson.
1:40 of 3rd period - Deflect By Patrik Laine.
1:40 of 3rd period - Shot Misses the Net.
1:40 of 3rd period - Puck is out of play.
1:41 of 3rd period - Dylan Larkin wins face-off versus Adam Lowry in Winnipeg Jets zone.
1:42 of 3rd period - Slapshot by Martin Necas.
1:42 of 3rd period - Shot Blocked by Ridly Greig.
1:43 of 3rd period - Adam Lowry beats up Brady Skjei.
1:43 of 3rd period - Penalty to Adam Lowry for Fighting.
1:43 of 3rd period - Penalty to Brady Skjei for Fighting.
1:44 of 3rd period - Dylan Larkin wins face-off versus Joel Armia in Winnipeg Jets zone.
1:56 of 3rd period - Minor Penalty to Ridly Greig for Holding Stick.
1:57 of 3rd period - Mikael Backlund wins face-off versus Macklin Celebrini in Winnipeg Jets zone.
2:03 of 3rd period - Slapshot by Mikael Backlund.
2:03 of 3rd period - Shot Blocked by Lane Hutson.
2:13 of 3rd period - Snap shot by Martin Necas.
2:13 of 3rd period - Shot Misses the Net.
2:55 of 3rd period - Jason Zucker is hit by Adam Fox.
3:56 of 3rd period - Penalty to Ridly Greig is over, Ridly Greig is back on ice.
4:43 of 3rd period - Lane Hutson is hit by Haydn Fleury and loses puck.
4:54 of 3rd period - Jake Evans is hit by Derek Forbort and loses puck.
5:59 of 3rd period - Nate Schmidt is hit by Juraj Slafkovsky and loses puck.
6:20 of 3rd period - Adam Fox is hit by Joel Armia and loses puck.
6:33 of 3rd period - Michael Kesselring is hit by Ilya Lyubushkin and loses puck.
6:44 of 3rd period - Mikael Backlund is hit by Macklin Celebrini and loses puck.
6:55 of 3rd period - Macklin Celebrini is hit by Oliver Ekman-Larsson and loses puck.
7:08 of 3rd period - Connor Bedard is hit by Macklin Celebrini.
7:12 of 3rd period - Macklin Celebrini is hit by Jason Zucker and loses puck.
7:58 of 3rd period - Wrist shot by Drew O'Connor.
7:58 of 3rd period - Shot Blocked by Oliver Ekman-Larsson.
8:12 of 3rd period - Snap shot by Jason Zucker.
8:12 of 3rd period - Shot Misses the Net.
8:16 of 3rd period - Snap shot by Mikael Backlund.
8:16 of 3rd period - Shot Misses the Net.
8:22 of 3rd period - Slapshot by Jason Zucker.
8:22 of 3rd period - Stopped by Stuart Skinner without a rebound.
8:23 of 3rd period - Adam Lowry wins face-off versus Martin Necas in Montreal Canadiens zone.
8:24 of 3rd period - Wrist shot by Ridly Greig.
8:24 of 3rd period - Stopped by Stuart Skinner with a rebound.
8:26 of 3rd period - Snap shot by Ridly Greig.
8:26 of 3rd period - Stopped by Stuart Skinner with a rebound.
8:28 of 3rd period - Slapshot by Sean Durzi.
8:28 of 3rd period - Deflect By Ridly Greig.
8:28 of 3rd period - Stopped by Stuart Skinner without a rebound.
8:29 of 3rd period - Adam Lowry wins face-off versus Dylan Larkin in Montreal Canadiens zone.
8:32 of 3rd period - Wrist shot by Ridly Greig.
8:32 of 3rd period - Shot Blocked by Dylan Larkin.
9:10 of 3rd period - Minor Penalty to Teddy Blueger for Checking from behind.
9:11 of 3rd period - Adam Lowry wins face-off versus Martin Necas in Montreal Canadiens zone.
9:24 of 3rd period - Wrist shot by Ridly Greig.
9:24 of 3rd period - Shot Blocked by Jeff Petry.
10:59 of 3rd period - Martin Necas is hit by Oliver Ekman-Larsson and loses puck.
11:10 of 3rd period - Penalty to Teddy Blueger is over, Teddy Blueger is back on ice.
11:22 of 3rd period - Snap shot by Jake Evans.
11:22 of 3rd period - Deflect By Teddy Blueger.
11:22 of 3rd period - Shot Hit the Post.
11:22 of 3rd period - Puck is out of play.
11:23 of 3rd period - Macklin Celebrini wins face-off versus Taylor Hall in Winnipeg Jets zone.
11:24 of 3rd period - Snap shot by Juraj Slafkovsky.
11:24 of 3rd period - Stopped by Dustin Wolf without a rebound.
11:25 of 3rd period - Brad Marchand wins face-off versus Vladislav Namestnikov in Winnipeg Jets zone.
11:36 of 3rd period - Slapshot by Haydn Fleury.
11:36 of 3rd period - Stopped by Stuart Skinner with a rebound.
11:38 of 3rd period - Slapshot by Sean Durzi.
11:38 of 3rd period - Shot Misses the Net.
11:40 of 3rd period - Slapshot by Sean Durzi.
11:40 of 3rd period - Shot Misses the Net.
12:37 of 3rd period - Backhand shot by Alexis Lafreniere.
12:37 of 3rd period - Shot Blocked by Brady Skjei.
12:39 of 3rd period - Slapshot by Joel Armia.
12:39 of 3rd period - Shot Misses the Net.
13:04 of 3rd period - Wrist shot by Adam Lowry.
13:04 of 3rd period - Goal by Adam Lowry - Montreal Canadiens : 5 - Winnipeg Jets : 2.
13:05 of 3rd period - Adam Lowry wins face-off versus Macklin Celebrini in neutral zone.
13:16 of 3rd period - Snap shot by Adam Lowry.
13:16 of 3rd period - Deflect By Alexander Kerfoot.
13:16 of 3rd period - Stopped by Stuart Skinner without a rebound.
13:17 of 3rd period - Macklin Celebrini wins face-off versus Adam Lowry in Montreal Canadiens zone.
13:17 of 3rd period - Macklin Celebrini is hit by Adam Lowry.
13:27 of 3rd period - Slapshot by Macklin Celebrini.
13:27 of 3rd period - Shot Blocked by Michael Kesselring.
13:29 of 3rd period - Minor Penalty to Michael Kesselring for Holding.
13:30 of 3rd period - Mikael Backlund wins face-off versus Brad Marchand in Winnipeg Jets zone.
14:06 of 3rd period - Snap shot by Martin Necas.
14:06 of 3rd period - Shot Blocked by Derek Forbort.
14:08 of 3rd period - Slapshot by Damon Severson.
14:08 of 3rd period - Goal by Damon Severson - Montreal Canadiens : 6 - Winnipeg Jets : 2.
14:09 of 3rd period - Adam Lowry wins face-off versus Ryan Poehling in neutral zone.
14:12 of 3rd period - Slapshot by Nate Schmidt.
14:12 of 3rd period - Deflect By Jeff Petry.
14:12 of 3rd period - Stopped by Stuart Skinner with a rebound.
14:18 of 3rd period - Patrik Laine is hit by Nate Schmidt and loses puck.
14:57 of 3rd period - Nate Schmidt is hit by Macklin Celebrini and loses puck.
15:12 of 3rd period - Wrist shot by Brad Marchand.
15:12 of 3rd period - Shot Misses the Net.
15:14 of 3rd period - Wrist shot by Brad Marchand.
15:14 of 3rd period - Stopped by Dustin Wolf without a rebound.
15:15 of 3rd period - Adam Lowry wins face-off versus Dylan Larkin in Winnipeg Jets zone.
16:03 of 3rd period - Snap shot by Dylan Larkin.
16:03 of 3rd period - Stopped by Dustin Wolf with a rebound.
16:05 of 3rd period - Slapshot by Lane Hutson.
16:05 of 3rd period - Stopped by Dustin Wolf without a rebound.
16:06 of 3rd period - Adam Lowry wins face-off versus Juraj Slafkovsky in Winnipeg Jets zone.
16:23 of 3rd period - Snap shot by Brad Marchand.
16:23 of 3rd period - Stopped by Dustin Wolf with a rebound.
16:33 of 3rd period - Brady Skjei is hit by Oliver Ekman-Larsson and loses puck.
17:02 of 3rd period - Adam Fox is hit by Vladislav Namestnikov and loses puck.
17:41 of 3rd period - Snap shot by Patrik Laine.
17:41 of 3rd period - Goal by Patrik Laine - Montreal Canadiens : 7 - Winnipeg Jets : 2.
17:42 of 3rd period - Adam Lowry wins face-off versus Dylan Larkin in neutral zone.
17:55 of 3rd period - Backhand shot by Alexander Kerfoot.
17:55 of 3rd period - Goal by Alexander Kerfoot - Montreal Canadiens : 7 - Winnipeg Jets : 3.
17:56 of 3rd period - Mikael Backlund wins face-off versus Dylan Larkin in neutral zone.
19:04 of 3rd period - Wrist shot by Martin Necas.
19:04 of 3rd period - Stopped by Dustin Wolf without a rebound.
19:05 of 3rd period - Macklin Celebrini wins face-off versus Mikael Backlund in Winnipeg Jets zone.
19:06 of 3rd period - Wrist shot by Brad Marchand.
19:06 of 3rd period - Stopped by Dustin Wolf without a rebound.
19:07 of 3rd period - Mikael Backlund wins face-off versus Macklin Celebrini in Winnipeg Jets zone.
Goals for this period are 2 for Montreal Canadiens vs 2 for Winnipeg Jets.
Shots for this period are 10 for Montreal Canadiens vs 11 for Winnipeg Jets.